 Dungeon Crawl Stone Soup version 0.30-a0-377-g5cb311bc9f (webtiles) character file.

Game seed: 16594313605245295510

2065 ReteAZ the Transmogrifier (level 9, -1/118 HPs)
             Began as a Meteoran Transmuter on Nov 28, 2022.
             Was a Follower of Cheibriados.
             Slain by a yak (2 damage)
             ... on level 7 of the Dungeon.
             The game lasted 00:16:29 (3740 turns).

ReteAZ the Transmogrifier (Meteoran Transmuter)     Turns: 3740, Time: 00:16:29

Health: -1/118     AC: 24    Str: 14    XL:     9   Next: 79%
Magic:  16/16      EV:  2    Int: 20    God:    Cheibriados [*.....]
Gold:   242        SH:  0    Dex: 18    Spells: 8/16 levels left

rFire   . . .      SeeInvis .      - Unarmed
rCold   . . .      Faith    .    (no shield)
rNeg    . . .      Spirit   .    (body armour currently unavailable)
rPois   +          Reflect  .    (helmet currently unavailable)
rElec   .          Harm     .    (cloak currently unavailable)
rCorr   .          Rampage  .    (gloves currently unavailable)
Will    +....      NoTele   +    (boots currently unavailable)
Stlth   +.........               (no amulet)
HPRegen 0.39/turn                (no ring)
MPRegen 0.15/turn                (no ring)

@: tree-form, on berserk cooldown, slowed, glowing, very slow
A: stationary, stasis, torment immunity, boosted hp, sense surroundings 2,
otherworldly, glowing, explore regen
a: Renounce Religion, Bend Time


You were on level 7 of the Dungeon.
You worshipped Cheibriados.
Cheibriados was aware of your devotion.
You were a tree.
You visited 1 branch of the dungeon, and saw 7 of its levels.

You collected 242 gold pieces.

Inventory:

Missiles
 c - 49 stones
 q - 3 poisoned darts
Armour
 a - a +0 robe (melded)
 g - a +0 cloak (melded)
 m - a +1 cloak
 p - a +2 pair of boots (melded)
Magical Staves
 k - a staff of cold
Wands
 l - a wand of charming (1)
Scrolls
 d - a scroll of identify
 f - a scroll of immolation
 h - 2 scrolls of teleportation
 j - a scroll of vulnerability {unknown}
 n - a scroll of enchant armour
 s - a scroll of blinking {unknown}
 t - a scroll of poison {unknown}
Potions
 e - a potion of attraction
 i - a potion of degeneration
 o - a potion of resistance


   Skills:
 - Level 7.1 Fighting
 - Level 4.0 Dodging
 - Level 5.0 Unarmed Combat
 - Level 4.0 Spellcasting
 + Level 8.2 Transmutations
 + Level 4.8 Ice Magic
 - Level 4.0 Poison Magic


You had 8 spell levels left.
You knew the following spells:

 Your Spells              Type           Power      Damage    Failure   Level
a - Beastly Appendage     Tmut           72%        N/A       1%          1
b - Spider Form           Tmut/Pois      28%        N/A       3%          3
c - Ice Form              Ice/Tmut       30%        N/A       9%          4

Your spell library contained the following spells:

 Spells                   Type           Power      Damage    Failure   Level
 Wereblood                Tmut           36%        N/A       1%          2
 Apportation              Tloc           8%         N/A       13%         1
 Necrotise                Necr           16%        1d4       13%         1
 Summon Small Mammal      Summ           16%        N/A       13%         1
 Sublimation of Blood     Necr           4%         N/A       19%         2
 Petrify                  Tmut/Erth      20%        N/A       24%         4
 Irradiate                Conj/Tmut      10%        3d15      54%         5
 Passage of Golubria      Tloc           4%         N/A       77%         4
 Silence                  Hex/Air        2%         N/A       98%         5
 Lehudib's Crystal Spear  Conj/Erth      2%         10d2      100%        8


Dungeon Overview and Level Annotations

Branches:
Dungeon (7/15) Zot: 879    Temple (0/1) D:7

Altars:
Ashenzari
Cheibriados
Elyvilon
Kikubaaqudgha
Makhleb
Nemelex Xobeh
Okawaru
Qazlal
Trog
Wu Jian
Yredelemnul

Shops:
D:2 (   D:5 (   D:7 **

Annotations:
D:3 Sigmund


Innate Abilities, Weirdness & Mutations

You are a tree.
Your roots penetrate the ground, keeping you stationary.
You cannot be teleported.
You are immune to unholy pain and torment.
Your maximum health is greatly increased.
Your equipment is partially melded.
You passively map the area around you.
You are easily found by Zot.
You glow in the dark.
You regain HP and MP as you explore.


Message History

The yak gores you but does no damage. The yak gores you. The yak gores you!
* * * LOW HITPOINT WARNING * * *
The yak gores you.
* * * LOW HITPOINT WARNING * * *
You see here a yak corpse.
The yak attacks as you move away! The yak gores you but does no damage.
You feel a strong urge to attack something.
You are no longer berserk.
You are exhausted.
You feel yourself slow down.
You hit the yak.
The yak is lightly wounded.
The yak gores you!
* * * LOW HITPOINT WARNING * * *
Really quaff the potion of lignification?
You turn into a tree.
Your +0 cloak melds into your body.
Your +2 pair of boots melds into your body.
Your +0 robe melds into your body.
Your roots penetrate the ground.
The yak gores you but does no damage.
You barely miss the yak. The yak gores you but does no damage.
You hit the yak.
The yak is lightly wounded.
The yak gores you but does no damage. x2
You hit the yak.
The yak is lightly wounded.
The yak completely misses you.
You hit the yak but do no damage.
The yak is lightly wounded.
The yak barely misses you. The yak gores you but does no damage.
You smack the yak!
The yak is moderately wounded.
The yak gores you!
* * * LOW HITPOINT WARNING * * *
Okay, then.
As you read the scroll labelled PABLUW XAPYDO, it crumbles to dust.
It is a scroll of enchant armour.
Your +0 cloak glows green for a moment.
The yak gores you.
* * * LOW HITPOINT WARNING * * *
The yak gores you.
You die...

,, ,,, * , , , , , ,,.,
* * , * , . , * *, ,* ,
.# *,,* , , * .# * * , *
* #.## , ** ##... **,, *
, * #..# * , #♣# , , ,,
* ###Y# ,, * * , *
#####..Y### * *
#.........#,,* , , *,
#...#.#...# * * ,
#..#.#.#..#* * ##.## * *
#.#.#.#.#.######.....# *
#..#.>.#..##..Y.$Y...#
##.#.#.#.#.#.Y##.<.#..#*


You could see 2 yaks.

Vanquished Creatures
  3 yaks (D:7)
  Edmund (D:3)
  A water moccasin (D:6)
  A black bear (D:4)
  An ogre (D:5)
  A sky beast (D:7)
  3 phantoms
  A kobold brigand (D:6)
  2 bullfrogs (D:7)
  3 scorpions
  2 howler monkeys
  2 jellies
  Crazy Yiuf (D:2)
  A hound (D:5)
  A gnoll bouda (D:5)
  5 iguanas
  Robin (D:3)
  4 gnolls (D:5)
  4 adders
  A shadow imp (D:6)
  A white imp (D:6)
  An ufetubus (D:5)
  2 worms (D:2)
  A dart slug (D:1)
  3 orcs
  2 bats (D:1)
  6 endoplasms
  A giant cockroach (D:4)
  13 goblins
  8 hobgoblins
  3 jackals (D:5)
  6 quokkas
  8 ball pythons
  3 frilled lizards
  9 kobolds
  2 rats
108 creatures vanquished.

Notes
Turn   | Place    | Note
-------+----------+-------------------------------------------
     0 | D:1      | ReteAZ the Meteoran Transmuter began the quest for the Orb.
     0 | D:1      | Reached XP level 1. HP: 16/16 MP: 5/5
    54 | D:1      | Found a faded altar of an unknown god.
    68 | D:1      | Reached XP level 2. HP: 22/23 MP: 6/6
   442 | D:1      | Reached XP level 3. HP: 26/28 MP: 6/8
   503 | D:1      | Glimpsed the power of Zot.
   535 | D:1      | You fall into a shaft and drop 1 floor!
   624 | D:2      | Noticed Robin
   637 | D:3      | Killed Robin
   638 | D:3      | Reached skill level 3 in Transmutations
   638 | D:3      | Reached XP level 4. HP: 21/36 MP: 9/9
   884 | D:2      | Found Aggap's Antique Weapon Shoppe.
  1289 | D:2      | Found a runed translucent door.
  1290 | D:2      | Noticed Crazy Yiuf
  1300 | D:2      | Killed Crazy Yiuf
  1301 | D:2      | Reached XP level 5. HP: 23/41 MP: 11/11
  1594 | D:3      | Noticed Sigmund
  1708 | D:3      | Glimpsed the power of Zot.
  1726 | D:4      | Noticed a phantom
  1771 | D:4      | Killed a phantom
  1772 | D:4      | Reached XP level 6. HP: 50/50 MP: 12/12
  1776 | D:4      | Learned a level 3 spell: Spider Form
  1939 | D:4      | Noticed a black bear
  2151 | D:4      | Killed a black bear
  2152 | D:4      | Reached skill level 5 in Unarmed Combat
  2152 | D:4      | Reached skill level 4 in Transmutations
  2152 | D:4      | Reached XP level 7. HP: 30/57 MP: 12/14
  2267 | D:4      | Noticed Edmund
  2274 | D:4      | Reached skill level 5 in Transmutations
  2302 | D:3      | Killed Edmund
  2312 | D:3      | Glimpsed the power of Zot.
  2360 | D:4      | Reached XP level 8. HP: 50/63 MP: 15/15
  2362 | D:4      | Glimpsed the power of Zot.
  2400 | D:5      | Entered Level 5 of the Dungeon
  2460 | D:5      | Reached skill level 6 in Transmutations
  2821 | D:5      | Found Tiacraes's Weapon Boutique.
  2866 | D:5      | HP: 2/67 [gnoll/+0 club[a gnoll bouda] (4)]
  2872 | D:5      | HP: 2/100 [gnoll/+0 club[a gnoll bouda] (4)]
  2917 | D:5      | Glimpsed the power of Zot.
  2967 | D:5      | Glimpsed the power of Zot.
  2989 | D:6      | Reached skill level 5 in Fighting
  3042 | D:6      | Found a sparkling altar of Nemelex Xobeh.
  3043 | D:6      | Found an ornate altar of the Wu Jian Council.
  3057 | D:6      | Found a stormy altar of Qazlal.
  3059 | D:6      | Found a broken altar of Ashenzari.
  3059 | D:6      | Found an ancient bone altar of Kikubaaqudgha.
  3059 | D:6      | Found a bloodstained altar of Trog.
  3060 | D:6      | Found a snail-covered altar of Cheibriados.
  3061 | D:6      | Found a white marble altar of Elyvilon.
  3062 | D:6      | Found a basalt altar of Yredelemnul.
  3063 | D:6      | Found a burning altar of Makhleb.
  3064 | D:6      | Found an iron altar of Okawaru.
  3139 | D:6      | Became a worshipper of Cheibriados the Contemplative
  3261 | D:6      | Identified the +1 leather armour of Conscience {Regen+
                  | Dex+3}
  3276 | D:6      | Gained mutation: You passively map the area around you.
                  | [Meteoran growth]
  3276 | D:6      | Reached XP level 9. HP: 57/79 MP: 16/16
  3281 | D:6      | Learned a level 4 spell: Ice Form
  3298 | D:6      | Reached skill level 1 in Ice Magic
  3606 | D:7      | Found Duomm's Specific Store.
  3606 | D:7      | Found Wuugyel's General Store.
  3635 | D:7      | Reached skill level 7 in Transmutations
  3673 | D:7      | Found a staircase to the Ecumenical Temple.
  3724 | D:7      | Reached * piety under Cheibriados
  3731 | D:7      | Reached skill level 8 in Transmutations
  3739 | D:7      | HP: 1/118 [yak (9)]
  3740 | D:7      | Slain by a yak

Illustrated notes

Levels and vault maps discovered:
D:1:      dpeg_arrival_rhombus, layout_basic, serial_shops, shop,
          ebering_ecumenical_altar_mist
D:2:      layout_loops_ring, serial_shops, shop, uniq_robin,
          uniq_crazy_yiuf_cottage
D:3:      layout_basic, serial_glass, glass_columns_b, glass_columns_a,
          columned_hall_lemuel, nicolae_titane, uniq_sigmund
D:4:      layout_loops_ring, uniq_edmund
D:5:      layout_layer_cave, serial_shops, nicolae_shop_bloodbath_and_beyond,
          portal_sewer_entry_a, nicolae_elevator_lobby_plus
D:6:      layout_rooms, minitemple
D:7:      minmay_blocky_corners, layout_layer_cave, lemuel_tele_altar,
          minmay_temple_entry_grid, minmay_misc_feat_plants,
          nicolae_specific_store, hangedman_decor_clover_reticule

Skill      XL: |  1  2  3  4  5  6  7  8  9 |
---------------+----------------------------+-----
Spellcasting   | 3 4 |  4.0
Unarmed Combat | 4 5 |  5.0
Dodging        | 3 4 |  4.0
Transmutations | 3 4 5 6 8 |  8.2
Fighting       | 2 3 7 |  7.1
Poison Magic   | 2 4 |  4.0
Ice Magic      | 4 |  4.8

Action                   |  1- 3 |  4- 6 |  7- 9 || total
-------------------------+-------+-------+-------++-------
Melee: Unarmed           |    69 |   110 |   196 ||   375
       Kick              |    18 |    22 |    15 ||    55
       Headbutt          |     6 |    15 |     5 ||    26
       Punch             |     3 |     1 |     2 ||     6
Throw: Stone             |       |     3 |       ||     3
 Cast: Beastly Appendage |    13 |    22 |     6 ||    41
       Spider Form       |       |     1 |    13 ||    14
Evoke: Wand              |       |     1 |       ||     1
  Use: Potion            |       |       |     8 ||     8
       Scroll            |       |       |     5 ||     5
Armor: Robe              |    18 |    22 |    24 ||    64
       Skin              |       |     1 |    11 ||    12
Dodge: Dodged            |    25 |    65 |   137 ||   227

Table legend: (Time is in decaauts)
 A = Elapsed time spent in this place.
 B = Non-inter-level travel time spent in this place.
 C = Inter-level travel time spent in this place.
 D = Time resting spent in this place.
 E = Time spent auto-exploring this place.
 F = Levels seen in this place.
 G = Mean time per level.
                   A        B        C        D        E       F      G
               +--------+--------+--------+--------+--------+-----+--------+
         Total |   3859 |   3588 |    271 |    235 |   2077 |   7 |  551.3 |
       Dungeon |   3859 |   3588 |    271 |    235 |   2077 |   7 |  551.3 |
               +--------+--------+--------+--------+--------+-----+--------+

Top non-repeatable levels by time:
     D:2: 741 daAuts
     D:3: 612 daAuts
     D:6: 610 daAuts
     D:5: 567 daAuts
     D:1: 531 daAuts
     D:4: 502 daAuts
     D:7: 293 daAuts
